 Dungeon Crawl Stone Soup version 0.28.0-45-g0d030f2227 (webtiles) character file.

Game seed: 14940086268160946642

57 KamiKatze the Chopper (level 3, 0/28 HPs)
             Began as a Palentonga Berserker on Apr 2, 2022.
             Was a Believer of Trog.
             Succumbed to an adder's poison
             ... on level 3 of the Dungeon.
             The game lasted 00:03:23 (1652 turns).

KamiKatze the Chopper (Palentonga Berserker)        Turns: 1652, Time: 00:03:24

Health: 0/28       AC:  4    Str: 22    XL:     3   Next: 73%
Magic:  3/3        EV:  9    Int:  7    God:    Trog [**....]
Gold:   103        SH:  0    Dex:  9    Spells: 2/2 levels left

rFire   . . .      SeeInvis +   a - +0 hand axe
rCold   . . .      Faith    .   (no shield)
rNeg    . . .      Spirit   .   b - +0 animal skin
rPois   .          Reflect  .   (no helmet)
rElec   .          Harm     .   (no cloak)
rCorr   .          Rampage  .   (no gloves)
Will    .....                   (no barding)
Stlth   +.........              (no amulet)
HPRegen 0.00/turn               (no ring)
MPRegen 0.08/turn               (no ring)

@: lethally poisoned (0 -> -9), inhibited regen
A: large, rugged brown scales 3, see invisible, deformed body, roll 1, armoured
tail, frail 1, inhibited regeneration
a: Rolling Charge, Renounce Religion, Berserk, Trog's Hand


You were on level 3 of the Dungeon.
You worshipped Trog.
Trog was pleased with you.
You visited 1 branch of the dungeon, and saw 3 of its levels.

You collected 103 gold pieces.

Inventory:

Hand Weapons
 a - a +0 hand axe (weapon)
Missiles
 c - 51 stones
 n - 2 poisoned darts
Armour
 b - a +0 animal skin (worn)
Wands
 j - a wand of paralysis (8)
Scrolls
 d - 3 scrolls of fear {unknown}
 f - a scroll of identify {unknown}
 g - a scroll of torment {unknown}
 h - a scroll of magic mapping {unknown}
 i - a scroll of blinking {unknown}
 k - a scroll of summoning {unknown}
 l - 2 scrolls of enchant weapon {unknown}
Potions
 m - a potion of attraction {unknown}


   Skills:
 - Level 3.0 Fighting
 * Level 4.7 Axes
 - Level 1.5 Armour
 - Level 1.5 Dodging


You had 2 spell levels left.
You didn't know any spells.
Your spell library was empty.

Dungeon Overview and Level Annotations

Branches:
Dungeon (3/15)

Altars:

Annotations:
D:3 1 runed translucent door, exclusion: door, chujev's ghost, amateur TrFi


Innate Abilities, Weirdness & Mutations

You are completely covered in rugged brown scales. (AC +3, +7% HP)
You have supernaturally acute eyesight. (SInv)
Armour fits poorly on your strangely shaped body.
You can roll at nearby foes to attack.
You have a long armoured tail.
You are frail. (-10% HP)
You do not regenerate when monsters are visible.


Message History

You hit the adder.
The adder is heavily wounded.
You feel sick. The adder bites you.
You are more poisoned.
The adder poisons you!
You closely miss the adder.
The adder is heavily wounded.
You feel sick. The adder bites you but does no damage. The adder misses you.
You miss the adder.
The adder is heavily wounded.
You feel sick. The adder bites you.
You are more poisoned.
The adder poisons you!
You miss the adder.
The adder is heavily wounded.
You feel sick. The adder barely misses you. The adder bites you.
You are too injured to fight recklessly!
You closely miss the adder.
Your tail-slap misses the adder.
The adder is heavily wounded.
You feel sick. The adder bites you.
* * * LOW HITPOINT WARNING * * *
You are lethally poisoned!
The adder poisons you!
You miss the adder.
The adder is heavily wounded.
* * * LOW HITPOINT WARNING * * *
You feel very sick. The adder bites you.
* * * LOW HITPOINT WARNING * * *
You hit the adder.
The adder is severely wounded.
* * * LOW HITPOINT WARNING * * *
You feel very sick. The adder bites you.
* * * LOW HITPOINT WARNING * * *
The adder bites you.
* * * LOW HITPOINT WARNING * * *
It was a potion of mutation.
You feel extremely strange.
Your regeneration stops near monsters.
You feel frail.
You die...

#......# #.#
#.....## #.#
#...###### #.#
#........# #.#
#......#.##
##.###....####
#............
#####....####
#@#.## #S#.#
#.#.# #.#.#
#.# ..# ###


You could see an adder.

Vanquished Creatures
  2 adders (D:2)
  A worm (D:2)
  4 ball pythons
  A bat (D:3)
  3 endoplasms
  A giant cockroach (D:1)
  3 goblins
  2 hobgoblins (D:1)
  3 jackals (D:2)
  A quokka (D:2)
  A frilled lizard (D:1)
  3 kobolds (D:1)
  10 rats
35 creatures vanquished.

Notes
Turn   | Place    | Note
-------+----------+-------------------------------------------
     0 | D:1      | KamiKatze the Palentonga Berserker began the quest for the
                  | Orb.
     0 | D:1      | Reached XP level 1. HP: 19/19 MP: 1/1
   187 | D:1      | Reached XP level 2. HP: 18/25 MP: 2/2
   653 | D:1      | Reached skill level 4 in Axes
   740 | D:2      | Reached XP level 3. HP: 29/31 MP: 3/3
  1021 | D:2      | Reached ** piety under Trog
  1475 | D:3      | Found a runed translucent door.
  1475 | D:3      | Noticed chujev's ghost (amateur TrFi)
  1592 | D:3      | Identified the +1 short sword of the Iron City of Dis
                  | {flame, *Corrode Will+ Int+4 Dex+3}
  1652 | D:3      | Gained mutation: You do not regenerate when monsters are
                  | visible. [potion of mutation]
  1652 | D:3      | Gained mutation: You are frail. (-10% HP) [potion of
                  | mutation]
  1652 | D:3      | Succumbed to an adder's poison

Illustrated notes

Levels and vault maps discovered:
D:1:      mrwooster_arrival_statue_2, layout_loops_cross,
          minmay_rat_gold_closets
D:2:      layout_basic
D:3:      layout_loops_ring, hellmonk_ghost_happy_afterlife

Skill      XL: |  1  2 |
---------------+-------+-----
Axes           | 4 |  4.7
Fighting       | |  3.0
Armour         | |  1.5
Dodging        | |  1.5

Action                   || total
-------------------------++-------
Melee: Hand axe          ||   100
       Tailslap          ||     7
       Punch             ||     1
  Use: Potion            ||     1
Armor: Animal skin       ||    26
Dodge: Dodged            ||    35
